 Dungeon Crawl Stone Soup version 0.31-a0-1112-ga3593d9213 (webtiles) character file.

Game seed: 8007645348726433551

229 James the Ruffian (level 6, -2/42 HPs)
             Began as an Octopode Shapeshifter on Dec 4, 2023.
             Killed by nerve-wracking pain
             ... invoked by Grinder
              (9 damage)
             ... while paralysed by Grinder
             ... on level 4 of the Dungeon.
             The game lasted 00:09:05 (2936 turns).

James the Ruffian (Octopode Shapeshifter)           Turns: 2936, Time: 00:09:05

Health: -2/42      AC:  1    Str: 15    XL:     6   Next: 3%
Magic:  6/6        EV:  2    Int: 12    God:
Gold:   265        SH:  0    Dex: 12    Spells: 5/5 levels left

rFire   . .          .
                       - Unarmed
rCold   . . .        (no shield)
rNeg    . . .        (helmet currently unavailable)
rPois   +            (no amulet)
rElec   .            d - ring of poison resistance
rCorr   .            (no ring)
SInv    .            (no ring)
Will    .....        (no ring)
Stlth   ++           (no ring)
HPRegen 0.27/turn    (no ring)
MPRegen 0.10/turn    (no ring)
                     (no ring)

%: no passive effects
@: paralysed, beast-form
A: beast (slay +2), almost no armour, amphibious, 8 rings, camouflage 1,
gelatinous body 1, (nimble swimmer 1), tentacles
a: Begin Untransformation


You were on level 4 of the Dungeon.
You were a hulking beast.
You visited 1 branch of the dungeon, and saw 4 of its levels.

You collected 265 gold pieces.

Inventory:

Hand Weapons
 n - a +2 dagger of flaming
   (You took it off a kobold on level 2 of the Dungeon)
Missiles
 h - 2 poisoned darts
 j - 13 stones (quivered)
Jewellery
 d - a ring of poison resistance (left tentacle)
   (You found it on level 1 of the Dungeon)
Talismans
 b - a beast talisman
 c - a flux talisman
Wands
 v - a wand of digging (7)
   (You found it on level 3 of the Dungeon)
Scrolls
 l - a scroll of teleportation {@r4}
 o - 3 scrolls of blinking
Potions
 a - a potion of lignification {!q}
 e - a potion of curing {@q1}
 f - 2 potions of heal wounds {unknown}
 g - 2 potions of invisibility {unknown}
 i - a potion of brilliance {unknown}
 k - a potion of attraction {unknown}
 p - a potion of resistance {unknown}


   Skills:
 + Level 3.0 Fighting
 - Level 2.0 Dodging
 - Level 5.0 Unarmed Combat
 - Level 4.0 Shapeshifting


You had 5 spell levels left.
You didn't know any spells.
Your spell library was empty.

Dungeon Overview and Level Annotations

Branches:
Dungeon (4/15)
 Temple: D:4-7

Altars:

Annotations:
D:3 1 exclusion, Ijyb
D:4 Grinder


Innate Abilities, Weirdness & Mutations

You are a hulking beast.
Your limbs bulge with bestial killing power. (Slay +2)
You cannot wear most types of armour.
You are amphibious.
You can wear up to eight rings at the same time.
Your skin changes colour to match your surroundings (Stealth+).
Your rubbery body absorbs attacks. (AC +1, EV +1)
((You are camouflaged when in or above water. (Stealth+)))
You have tentacles for arms and can constrict up to eight enemies at once.


Message History

The puff of flame hits you.
Grinder zaps a wand.
The puff of flame hits you!
Items here: )) ††.
Grinder hits you!
* * * LOW HITPOINT WARNING * * *
You tentacle-slap Grinder. Your grab misses Grinder. You squeeze Grinder.
Grinder blinks!
You barely miss the gnoll. You grab the gnoll. You constrict the gnoll.
The gnoll struggles to escape constriction.
You tentacle-slap the gnoll.
You squeeze the gnoll, but do no damage.
You constrict the gnoll. The gnoll hits you with a +0 club.
* * * LOW HITPOINT WARNING * * *
You tentacle-slap the gnoll. You squeeze the gnoll. You constrict the gnoll.
You kill the gnoll!
You tentacle-slap the gnoll. Your grab misses the gnoll.
The gnoll hits you with a +2 whip of venom.
* * * LOW HITPOINT WARNING * * *
You are poisoned.
You tentacle-slap the gnoll. Your grab misses the gnoll.
* * * LOW HITPOINT WARNING * * *
You feel sick.
The gnoll hits you with a +2 whip of venom.
* * * LOW HITPOINT WARNING * * *
You bludgeon the gnoll! You grab the gnoll. You squeeze the gnoll.
You kill the gnoll!
* * * LOW HITPOINT WARNING * * *
You feel sick.
Training target 5.0 for Unarmed Combat reached!
Your Unarmed Combat skill increases to level 5!
You need to enable at least one skill for training.
You have reached level 6!
You feel better.
Unknown command.
Grinder gestures at you.
You barely resist.
Things that are here:
a +2 whip of venom; a +0 club; a gnoll corpse You tentacle-slap Grinder.
Your grab misses Grinder. Grinder gestures at you.
You suddenly lose the ability to move!
Grinder hits you!
* * * LOW HITPOINT WARNING * * *
You writhe in agony.
* * * LOW HITPOINT WARNING * * *
Grinder gestures at you. Pain shoots through your body!
You die...
Grinder says, "Hey, I wasn't done torturing you yet!"

..# #.# #..# #.# #<# #..#
#.# ####.######..# #.#
#............#
#.#####.##.####.#>........
...........# #.#.########
#.......#### #)#.# #
######### #.#5##....
#.h<>..... ###.......
########


You could see Grinder.

Vanquished Creatures
  2 hounds (D:4)
  8 gnolls
  3 worms
  4 dart slugs
  4 ball pythons
  8 endoplasms
  A giant cockroach (D:1)
  5 goblins
  8 hobgoblins
  10 jackals
  2 kobolds
  3 quokkas
  6 bats
  3 frilled lizards
  4 rats
71 creatures vanquished.

Notes
Turn   | Place    | Note
-------+----------+-------------------------------------------
     0 | D:1      | James the Octopode Shapeshifter began the quest for the
                  | Orb.
     0 | D:1      | Reached XP level 1. HP: 13/13 MP: 1/1
    85 | D:1      | Reached XP level 2. HP: 18/18 MP: 2/2
   301 | D:1      | Reached XP level 3. HP: 23/23 MP: 3/3
  1271 | D:2      | Reached skill level 4 in Unarmed Combat
  1271 | D:2      | Reached XP level 4. HP: 21/29 MP: 4/4
  1648 | D:3      | Noticed Ijyb
  2384 | D:4      | Reached XP level 5. HP: 27/36 MP: 5/5
  2906 | D:4      | Noticed Grinder
  2932 | D:4      | Reached skill level 5 in Unarmed Combat
  2932 | D:4      | Reached XP level 6. HP: 4/42 MP: 6/6
  2934 | D:4      | Paralysed by Grinder for 5 turns
  2936 | D:4      | Killed from afar by Grinder

Illustrated notes

Levels and vault maps discovered:
D:1:      dpeg_arrival_lava_altar, layout_rooms, minmay_misc_feat_iff
D:2:      mumra_celtic_spiral_tile, layout_rooms
D:3:      layout_basic, serial_glass, glass_columns_b, glass_columns_c,
          minmay_gold_behind_fungi, nrook_mini_vaults, minmay_statues_item,
          uniq_ijyb
D:4:      layout_loops_ring, mainiacjoe_overflow_brackets, uniq_grinder

Skill      XL: |  1  2  3  4  5 |
---------------+----------------+-----
Fighting       | 2 3 |  3.0
Unarmed Combat | 4 5 |  5.0
Shapeshifting  | 4 |  4.0
Dodging        | |  2.0

Action                     |  1- 3 |  4- 6 || total
---------------------------+-------+-------++-------
  Melee: Unarmed           |    74 |    64 ||   138
         Constrict         |    17 |    18 ||    35
         Tentacles         |     6 |    13 ||    19
         Punch             |     1 |     1 ||     2
  Throw: Stone             |     2 |       ||     2
    Use: Scroll            |       |     6 ||     6
         Potion            |       |     1 ||     1
   Stab: Sleeping          |     6 |       ||     6
 Armour: Skin              |    27 |    28 ||    55
  Dodge: Dodged            |    38 |    27 ||    65

Table legend: (Time is in decaauts)
 A = Elapsed time spent in this place.
 B = Non-inter-level travel time spent in this place.
 C = Inter-level travel time spent in this place.
 D = Time resting spent in this place.
 E = Time spent auto-exploring this place.
 F = Levels seen in this place.
 G = Mean time per level.
                   A        B        C        D        E       F      G
               +--------+--------+--------+--------+--------+-----+--------+
         Total |   2930 |   2628 |    302 |    307 |   1600 |   4 |  732.5 |
       Dungeon |   2930 |   2628 |    302 |    307 |   1600 |   4 |  732.5 |
               +--------+--------+--------+--------+--------+-----+--------+

Top non-repeatable levels by time:
     D:3: 1019 daAuts
     D:2: 935 daAuts
     D:1: 599 daAuts
     D:4: 375 daAuts
